 Dungeon Crawl Stone Soup version 0.31-a0-626-g8143ab4f1d (webtiles) character file.

Game seed: 14273489668234515320

6734 Mickster the Spear-Bearer (level 11, 0/92 HPs)
             Began as a Hill Orc Berserker on Aug 24, 2023.
             Was an Elder of Trog.
             Slain by a large slime creature (18 damage)
             ... on level 10 of the Dungeon.
             The game lasted 00:51:51 (8897 turns).

Mickster the Spear-Bearer (Hill Orc Berserker)      Turns: 8897, Time: 00:51:52

Health: 0/92       AC: 22    Str: 25    XL:     11   Next: 4%
Magic:  11/11      EV: 10    Int:  7    God:    Trog [****..]
Gold:   364        SH:  0    Dex: 10    Spells: 10/10 levels left

rFire   . . .        c - +2 trident (flame)
rCold   . . .        (no shield)
rNeg    . . .        e - +3 chain mail {Will+}
rPois   +            l - +1 helmet
rElec   .            A - +0 cloak {rPois}
rCorr   .            (no gloves)
SInv    .            (no boots)
Will    +....        (no amulet) Stlth
                     h - +4 ring of protection
HPRegen 0.35/turn    (no ring)
MPRegen 0.12/turn

%: no passive effects
@: on berserk cooldown, slowed, very slow
A: no striking features
a: Renounce Religion, Berserk, Trog's Hand, Brothers in Arms


You were on level 10 of the Dungeon.
You worshipped Trog.
Trog was greatly pleased with you.
You visited 1 branch of the dungeon, and saw 10 of its levels.

You collected 483 gold pieces.
You spent 119 gold pieces at shops.

Inventory:

Hand Weapons
 a - a +0 hand axe
 c - a +2 trident of flaming (weapon)
 t - a +1 vampiric falchion
 u - a +2 short sword of electrocution
 y - a +1 trident of protection
 C - a +1 heavy halberd
 F - a +0 long sword of protection
 H - a +0 antimagic short sword
 I - a +0 war axe
 N - a +1 scimitar of flaming
Missiles
 f - 100 stones
 n - 22 poisoned darts
 r - 6 boomerangs
 v - 10 javelins
 w - 2 atropa-tipped darts
 G - 3 curare-tipped darts (quivered)
Armour
 e - a +3 chain mail of willpower (worn)
 l - a +1 helmet (worn)
 x - the +0 plate armour "Voqed" {*Slow rN+ Int+10 Slay-5}
   (You acquired it on level 5 of the Dungeon)

   Int+10:    It affects your intelligence (+10).
   Slay-5:    It affects your accuracy & damage with ranged weapons and melee
   (-5).
   rN+:       It protects you from negative energy.
   *Slow:     It may slow you when you take damage.
 A - a +0 cloak of poison resistance (worn)
 B - an orb of guile
 L - a +0 plate armour
Jewellery
 h - a +4 ring of protection (left hand)
 O - an amulet of reflection
Talismans
 i - a beast talisman
 E - a blade talisman
Wands
 k - a wand of iceblast (18)
 o - a wand of digging (2)
 D - a wand of polymorph (4)
Scrolls
 d - 4 scrolls of teleportation
 j - a scroll of poison
 J - a scroll of revelation
 K - a scroll of fear
Potions
 b - 2 potions of haste {unknown}
 g - 2 potions of magic
 m - 2 potions of invisibility
 p - 4 potions of curing
 q - a potion of might
 s - 2 potions of enlightenment
 z - a potion of brilliance {unknown}
 M - a potion of lignification {unknown}


   Skills:
 + Level 7.4 Fighting
 + Level 1.5(2.0) Short Blades
 * Level 2.2(2.5) Long Blades
 - Level 4.1(11.0) Axes
 - Level 13.2(13.4) Polearms
 + Level 9.1 Armour
 + Level 3.7 Dodging
 + Level 0.5 Stealth
 + Level 0.3 Evocations


You had 10 spell levels left.
You didn't know any spells.
Your spell library was empty.

Dungeon Overview and Level Annotations

Branches:
Dungeon (10/15)            Temple (0/1) D:4
   Lair: D:8-11         Orc: D:9-12

Altars:
Cheibriados
Dithmenos
Fedhas
Makhleb
Trog
Uskayaw
Xom
Yredelemnul

Shops:
D:2 !   D:3 (   D:5 *   D:6 =


Message History

You hit the slime creature. You burn the slime creature.
The slime creature is moderately wounded.
The large slime creature hits you!
The slime creature hits you but does no damage.
The large slime creature hits you but does no damage.
The slime creature barely misses you.
You slash the slime creature! You burn the slime creature.
The slime creature is heavily wounded.
The large slime creature hits you but does no damage.
The slime creature hits you!
* * * LOW HITPOINT WARNING * * *
The large slime creature hits you but does no damage.
The slime creature hits you but does no damage.
Your +1 scimitar of flaming stops flaming.
Your +2 trident of flaming bursts into flame!
c - a +2 trident of flaming (weapon)
The large slime creature hits you but does no damage.
You hit the slime creature. You burn the slime creature.
The slime creature is severely wounded.
The slime creature closely misses you.
You hit the slime creature. You burn the slime creature.
The slime creature is severely wounded.
The large slime creature hits you!
* * * LOW HITPOINT WARNING * * *
The slime creature hits you.
* * * LOW HITPOINT WARNING * * *
You puncture the slime creature! You burn the slime creature.
You kill the slime creature!
Trog accepts your kill.
The large slime creature closely misses you.
Your Long Blades skill increases to level 2!
The large slime creature closely misses you.
The large slime creature barely misses you.
You puncture the large slime creature! You burn the large slime creature.
The large slime creature is heavily wounded.
The large slime creature hits you but does no damage.
You puncture the large slime creature! You burn the large slime creature.
The large slime creature is severely wounded.
The large slime creature hits you!!
You die...

..# ... #.
..######## #.
#.#.....[.
#.##.#.....
#....#...#
+....#J..# .
####....'@..# ..
........#...# ...
.##.....#####....
......#.......#..
####.............
#.....<...###
#+###.....#
#.....# #.##..#


You could see a large slime creature.

Vanquished Creatures
  Erica (D:9)
  A two-headed ogre (D:9)
  Prince Ribbit (D:7)
  2 slime creatures (D:10)
  A wyvern (D:7)
  11 yaks
  A steam dragon (D:6)
  An acid dragon (D:9)
  2 water moccasins
  2 orc warriors
  2 sky beasts
  2 ice beasts
  4 centaurs
  A phantom (D:6)
  3 kobold brigands
  4 bullfrogs
  4 wights (D:8)
  4 killer bees (D:8)
  2 howler monkeys
  4 hounds
  3 jellies
  3 orc priests
  2 sleepcaps
  Natasha (thrice) (D:3)
  12 orc wizards
  4 gnolls (D:7)
  6 adders
  A shadow imp (D:6)
  4 white imps
  A worm (D:2)
  4 dart slugs
  51 orcs
  3 ball pythons (D:1)
  6 endoplasms
  4 giant cockroaches
  4 goblins
  7 hobgoblins
  2 jackals (D:4)
  13 kobolds
  4 quokkas
  2 bats
  2 frilled lizards (D:1)
  6 rats
200 creatures vanquished.

Vanquished Creatures (collateral kills)
  4 kobolds (D:9)
4 creatures vanquished.

Vanquished Creatures (others)
  5 dream sheep (D:5)
5 creatures vanquished.

Grand Total: 209 creatures vanquished

Notes
Turn   | Place    | Note
-------+----------+-------------------------------------------
     0 | D:1      | Mickster the Hill Orc Berserker began the quest for the
                  | Orb.
     0 | D:1      | Reached XP level 1. HP: 19/19 MP: 1/1
   169 | D:1      | Reached XP level 2. HP: 19/27 MP: 2/2
   539 | D:1      | Reached skill level 1 in Polearms
   561 | D:1      | Reached XP level 3. HP: 33/33 MP: 3/3
   872 | D:2      | Reached ** piety under Trog
   877 | D:2      | Reached skill level 2 in Polearms
   882 | D:2      | Reached XP level 4. HP: 36/41 MP: 4/4
   892 | D:2      | Found a faded altar of an unknown god.
  1250 | D:2      | Found Rerphuuty's Distillery.
  1270 | D:2      | Bought a potion of curing for 39 gold pieces
  1270 | D:2      | Bought a potion of might for 52 gold pieces
  1323 | D:2      | Reached skill level 3 in Polearms
  1625 | D:3      | Found a bloodstained altar of Trog.
  1711 | D:3      | Noticed Natasha
  1719 | D:3      | Killed Natasha
  1720 | D:3      | Reached XP level 5. HP: 41/47 MP: 5/5
  1722 | D:3      | Noticed Natasha
  1729 | D:3      | Killed Natasha
  1871 | D:3      | Noticed Natasha
  1878 | D:3      | Killed Natasha
  1879 | D:3      | Reached skill level 4 in Polearms
  1958 | D:3      | Found Igarips's Weapon Shop.
  2182 | D:4      | Reached XP level 6. HP: 44/53 MP: 6/6
  2294 | D:4      | Reached skill level 5 in Polearms
  2493 | D:4      | Found a staircase to the Ecumenical Temple.
  2536 | D:4      | Reached *** piety under Trog
  2554 | D:4      | Identified the +2 leather armour of Muocsuah {rF++}
  3018 | D:4      | Reached skill level 6 in Polearms
  3071 | D:5      | Entered Level 5 of the Dungeon
  3071 | D:5      | Found Peymuph's General Store.
  3082 | D:5      | Reached XP level 7. HP: 59/60 MP: 7/7
  3110 | D:5      | Bought a scroll of identify for 28 gold pieces
  3256 | D:5      | Identified a scroll of acquirement
  3256 | D:5      | Acquired the +0 plate armour "Voqed" {*Slow rN+ Int+10
                  | Slay-5}
  3271 | D:5      | Upgraded the game from 0.31-a0-620-gd1cbd99268 to
                  | 0.31-a0-626-g8143ab4f1d
  3473 | D:5      | Noticed a dream sheep
  3473 | D:5      | Noticed a dream sheep
  3473 | D:5      | Noticed a dream sheep
  3473 | D:5      | Noticed a dream sheep
  3473 | D:5      | Noticed a dream sheep
  3473 | D:5      | Found a shimmering altar of Xom.
  3478 | D:5      | Killed a dream sheep
  3479 | D:5      | Killed a dream sheep
  3479 | D:5      | Killed a dream sheep
  3479 | D:5      | Killed a dream sheep
  3479 | D:5      | Killed a dream sheep
  4212 | D:6      | Reached skill level 7 in Polearms
  4394 | D:6      | Reached skill level 5 in Fighting
  4589 | D:6      | Noticed a steam dragon
  4595 | D:6      | Killed a steam dragon
  4596 | D:6      | Reached XP level 8. HP: 41/68 MP: 8/8
  4624 | D:6      | Found Siesuub's Jewellery Shoppe.
  4807 | D:6      | Reached skill level 8 in Polearms
  5232 | D:6      | Reached skill level 9 in Polearms
  5712 | D:7      | Reached skill level 5 in Armour
  5883 | D:7      | Found a burning altar of Makhleb.
  5962 | D:7      | Noticed Prince Ribbit
  5972 | D:7      | Killed Prince Ribbit
  5973 | D:7      | Reached skill level 10 in Polearms
  5973 | D:7      | Reached XP level 9. HP: 50/74 MP: 9/9
  6264 | D:7      | Reached skill level 11 in Polearms
  6898 | D:8      | Reached XP level 10. HP: 56/84 MP: 3/10
  7089 | D:8      | Reached skill level 12 in Polearms
  7145 | D:8      | Reached **** piety under Trog
  7163 | D:8      | Reached skill level 1 in Short Blades
  7366 | D:8      | Found a snail-covered altar of Cheibriados.
  7595 | D:8      | Found a shadowy altar of Dithmenos.
  7603 | D:8      | Found a hide-covered altar of Uskayaw.
  7604 | D:8      | Found a basalt altar of Yredelemnul.
  7772 | D:9      | Noticed Erica
  7784 | D:9      | Killed Erica
  7826 | D:9      | Noticed a two-headed ogre
  7836 | D:9      | Killed a two-headed ogre
  7837 | D:9      | Reached skill level 13 in Polearms
  8639 | D:9      | Found a blossoming altar of Fedhas.
  8865 | D:10     | Entered Level 10 of the Dungeon
  8880 | D:10     | Reached skill level 1 in Long Blades
  8880 | D:10     | Reached XP level 11. HP: 92/92 MP: 11/11
  8897 | D:10     | Slain by a large slime creature

Illustrated notes

Levels and vault maps discovered:
D:1:      dpeg_arrival_simpleton_b, layout_loops_ring, minmay_hexomino_f4
D:2:      layout_loops_ring, hellmonk_ecumenical_altar_lost_god, serial_shops,
          shop
D:3:      layout_rooms, bloody_trog, serial_shops,
          nicolae_shop_just_a_little_nook, uniq_natasha
D:4:      layout_gridville, minmay_temple_entry_large_hall,
          kennysheep_small_circle
D:5:      layout_loops_ring, kb_xom_exploding_sheep, nicolae_stop_n_shop_2,
          minmay_hedge_maze, minivault_23, hangedman_decor_diamond_cutter,
          kennysheep_generic_room_4
D:6:      layout_basic, serial_shops, shop
D:7:      layout_cave_pods, mainiacjoe_overflow_alcove_2, uniq_prince_ribbit1
D:8:      layout_rooms, minitemple, dreamdust_princess_bridge
D:9:      layout_irregular_city, mainiacjoe_overflow_six_doors_small, uniq_erica
D:10:     minmay_statue_hallways, layout_stronghold,
          mainiacjoe_overflow_chevrons, due_lair_maze_entry_diamond,
          orc_0_dummy, serial_shops, shop, st_stairs_3,
          nicolae_guarded_unrand_slippers

Skill      XL: |  1  2  3  4  5  6  7  8  9 10 11 |
---------------+----------------------------------+-----
Fighting       | 4 5 6 7 |  7.4
Polearms       | 1 2 3 4 6 7 10 11 13 | 13.2
Armour         | 3 4 5 7 9 |  9.1
Dodging        | 2 3 |  3.7
Short Blades   | 1 |  1.5
Long Blades    | 1 2 |  2.2
Axes           | |  4.1
Stealth        | |  0.5
Evocations     | |  0.3

Action                     |  1- 3 |  4- 6 |  7- 9 | 10-12 || total
---------------------------+-------+-------+-------+-------++-------
  Melee: Trident           |    66 |   124 |   280 |   122 ||   592
         Hand axe          |    12 |       |       |       ||    12
         Punch             |     1 |       |     6 |     2 ||     9
         Short sword       |       |       |    24 |       ||    24
         Scimitar          |       |       |       |    30 ||    30
 Invoke: Berserk           |       |     3 |     9 |     5 ||    17
         Trog's Hand       |       |       |     5 |       ||     5
         Brothers in Arms  |       |       |       |     1 ||     1
  Evoke: Wand              |       |       |     2 |       ||     2
    Use: Scroll            |     1 |     7 |     8 |     1 ||    17
         Potion            |     1 |       |       |       ||     1
   Stab: Sleeping          |     1 |       |       |       ||     1
 Armour: Animal skin       |    11 |       |       |       ||    11
         Chain mail        |    29 |    66 |   258 |   115 ||   468
  Dodge: Dodged            |    41 |    55 |   164 |    95 ||   355

Table legend: (Time is in decaauts)
 A = Elapsed time spent in this place.
 B = Non-inter-level travel time spent in this place.
 C = Inter-level travel time spent in this place.
 D = Time resting spent in this place.
 E = Time spent auto-exploring this place.
 F = Levels seen in this place.
 G = Mean time per level.
                   A        B        C        D        E       F      G
               +--------+--------+--------+--------+--------+-----+--------+
         Total |   8979 |   8605 |    374 |    761 |   5261 |  10 |  897.9 |
       Dungeon |   8979 |   8605 |    374 |    761 |   5261 |  10 |  897.9 |
               +--------+--------+--------+--------+--------+-----+--------+

Top non-repeatable levels by time:
     D:7: 1354 daAuts
     D:6: 1242 daAuts
     D:9: 1203 daAuts
     D:5: 1077 daAuts
     D:4: 1015 daAuts
     D:8: 954 daAuts
     D:2: 847 daAuts
     D:1: 789 daAuts
     D:3: 459 daAuts
    D:10: 35 daAuts
